 Dungeon Crawl Stone Soup version 0.22-a0-779-g6f83d72c62 (webtiles) character file.

13489 Roikka the Destroyer (level 12, -5/88 HPs)
             Began as a Human Fire Elementalist on July 19, 2018.
             Was an Elder of Vehumet.
             Killed from afar by Harold (39 damage)
             ... with a bolt of fire
             ... on level 10 of the Dungeon.
             The game lasted 01:55:57 (18595 turns).

Roikka the Destroyer (Human Fire Elementalist)     Turns: 18595, Time: 01:55:57

Health: -5/88      AC:  4    Str: 12    XL:     12   Next: 33%
Magic:  0/24       EV:  8    Int: 23    God:    Vehumet [****..]
Gold:   518        SH:  0    Dex: 14    Spells: 9/28 levels left

rFire    x . .     SeeInvis .   a - +2 trident (venom)
rCold    . . .     Gourm    .   e - +1 buckler
rNeg     . . .     Faith    .   w - +1 robe of Sloth {rF- Int+6}
rPois    .         Spirit   .   (no helmet)
rElec    .         Reflect  .   (no cloak)
rCorr    .         Harm     .   (no gloves)
MR       .....                  d - +0 pair of boots
Stlth    +++.......             (no amulet)
HPRegen  0.24/turn              i - ring of stealth
MPRegen  0.19/turn              (no ring)

@: held
A: no striking features
a: Renounce Religion


You were on level 10 of the Dungeon.
You worshipped Vehumet.
Vehumet was greatly pleased with you.
You were hungry.

You visited 2 branches of the dungeon, and saw 12 of its levels.
You also visited: Bailey.

You collected 645 gold pieces.
You spent 127 gold pieces at shops.

Inventory:

Hand Weapons
 a - a +2 trident of venom (weapon)
 j - a +2 dagger of electrocution
 y - a +3 spear
Missiles
 f - 129 stones (quivered)
Armour
 d - a +0 pair of boots (worn)
 e - a +1 buckler (worn)
 l - a +1 ring mail of positive energy
 w - the +1 robe of Sloth (worn) {rF- Int+6}
   (You took it off a kobold on level 4 of the Dungeon)

   It affects your intelligence (+6).
   It makes you vulnerable to fire.
 I - a +0 robe
Jewellery
 i - a ring of stealth (left hand)
Wands
 r - a wand of clouds (5)
 v - a wand of flame (49)
 C - a wand of random effects (31)
 E - a wand of polymorph (8)
 G - a wand of enslavement (15)
Scrolls
 b - a scroll of immolation
 h - 8 scrolls of identify
 k - 2 scrolls of enchant armour
 o - a scroll of amnesia
 t - 4 scrolls of remove curse
 u - 9 scrolls of teleportation
 B - a scroll of fog
 D - a scroll of magic mapping
 H - a scroll of blinking
Potions
 g - a potion of heal wounds
 n - 2 potions of flight
 p - 3 potions of might
 q - 2 potions of cancellation
 s - 3 potions of resistance
 x - 2 potions of curing
 z - a potion of brilliance
 A - a potion of ambrosia
 F - a potion of magic
Comestibles
 c - 13 rations


   Skills:
 * Level 6.0 Fighting
 * Level 6.4 Dodging
 - Level 2.0 Stealth
 - Level 4.0 Shields
 * Level 8.6 Spellcasting
 + Level 9.4 Conjurations
 - Level 2.2 Hexes
 - Level 2.3 Necromancy
 - Level 9.0 Fire Magic
 - Level 4.5 Air Magic


You had 9 spell levels left.
You knew the following spells:

 Your Spells              Type           Power        Failure   Level  Hunger
a - Flame Tongue          Conj/Fire      #####        1%          1    None
b - Throw Flame           Conj/Fire      ######       1%          2    None
c - Conjure Flame         Conj/Fire      ######..     1%          3    None
d - Fireball              Conj/Fire      ######....   1%          5    #####..
e - Shock                 Conj/Air       ####         1%          1    None
f - Inner Flame           Hex/Fire       #####...     1%          3    None
g - Animate Skeleton      Necr           N/A          2%          1    None
h - Ignite Poison         Fire/Tmut/Pois ###.....     1%          3    None

Your spell library contained the following spells:

 Spells                   Type           Power        Failure   Level  Hunger
 Animate Dead             Necr           N/A          26%         4    ##.....
 Pain                     Necr           ###.         2%          1    None
 Vampiric Draining        Necr           ###.......   8%          3    None
 Sticky Flame             Conj/Fire      ######..     1%          4    ##.....
 Regeneration             Chrm/Necr      ###.......   12%         3    None


Dungeon Overview and Level Annotations

Branches:
Dungeon (11/15)            Temple (1/1) D:6            Lair (0/6) D:10
    Orc (0/2) D:10

Altars:
Ashenzari
Cheibriados
Dithmenos
Elyvilon
Fedhas
Gozag
Hepliaklqana
Kikubaaqudgha
Makhleb
Nemelex Xobeh
Okawaru
Qazlal
Ru
Sif Muna
Trog
Uskayaw
Vehumet
Wu Jian
Xom
Yredelemnul
Zin
The Shining One

Shops:
D:5 *

Annotations:
D:9 2 transporters, Singularity42's ghost, journeyman GrFi
D:10 Fannar; Harold


Message History

The flame tongue hits Harold.
Harold resists.
Harold is heavily wounded.
Harold is engulfed in blazing flames.
Harold hits you with a scimitar of holy wrath!
You struggle against the net.
Harold is engulfed in blazing flames.
Harold casts a spell.
Harold blinks!
Casting: Flame Tongue (safe; 1% risk of failure)
Confirm with . or Enter, or press ? or * to list all spells.
Aiming: Flame Tongue (safe; 1% risk of failure)
Press: ? - help, Shift-Dir - straight line, f/p - Harold
Aim: Harold, wielding a scimitar of holy wrath and wearing a runed ring mail (severely wounded)
The flame tongue hits Harold.
Harold resists.
Harold is severely wounded.
Harold considers, "I think I'll use your bounty to get a horse ranch..."
Harold points at you and mumbles some strange words.
The bolt of fire misses you. Harold casts a spell at you.
The bolt of fire hits you! The fire burns you terribly!
You die...

### #.. ####.###
####### #......#
..(...######
#......#
#####......#
#..@...#
######.####
#...>..#
#....####......#
####...@ยง......#
######......#
########


You could see Harold.

Vanquished Creatures
  4 two-headed ogres
  Pikel (D:6)
  A cyclops (D:11)
  A manticore (D:11)
  2 polar bears
  Grinder (D:5)
  A hornet (D:11)
  A meliai zombie (D:10)
  Sigmund (D:6)
  A centaur simulacrum (D:11)
  A wraith (D:10)
  15 yaks
  Edmund (D:6)
  3 wargs (D:10)
  A water moccasin (D:9)
  3 orc warriors
  2 slaves (D:6)
  A phantom (D:5)
  7 ice beasts
  3 ogres
  6 centaurs
  A crocodile (D:11)
  A big kobold (D:10)
  4 bullfrogs
  A wyvern zombie (D:9)
  2 scorpions
  5 killer bees (D:11)
  2 jellies
  14 wights
  2 electric eels
  5 howler monkeys (D:11)
  3 crimson imps
  A bullfrog zombie (D:10)
  2 quasits (D:9)
  3 centaur skeletons
  7 orc priests
  7 hounds
  6 iguanas
  7 orc wizards
  6 worker ants
  6 bullfrog simulacra
  A hound skeleton (D:8)
  4 gnolls (D:4)
  2 adders
  5 white imps
  2 worker ant simulacra (D:11)
  3 ufetubi
  An ooze (D:6)
  An adder skeleton (D:4)
  3 worms
  A dart slug (D:4)
  An adder simulacrum (D:8)
  A leopard gecko (D:1)
  52 orcs
  9 bats
  5 giant cockroaches
  11 goblins
  8 hobgoblins
  13 jackals
  9 kobolds
  3 quokkas
  7 frilled lizards
  A jackal simulacrum (D:8)
  A leopard gecko skeleton (D:7)
  A leopard gecko zombie (D:6)
  3 quokka skeletons
  7 rats
297 creatures vanquished.

Vanquished Creatures (collateral kills)
  A bullfrog skeleton (D:11)
1 creature vanquished.

Grand Total: 298 creatures vanquished

Notes
Turn   | Place    | Note
-------+----------+-------------------------------------------
     0 | D:1      | Roikka the Human Fire Elementalist began the quest for the Orb.
     0 | D:1      | Reached XP level 1. HP: 13/13 MP: 3/3
   185 | D:1      | Reached XP level 2. HP: 19/19 MP: 1/5
   686 | D:1      | Reached XP level 3. HP: 24/24 MP: 4/6
   952 | D:1      | Learned a level 2 spell: Throw Flame
  2243 | D:3      | Reached XP level 4. HP: 30/30 MP: 4/7
  3412 | D:4      | Reached XP level 5. HP: 32/35 MP: 0/8
  3922 | D:4      | Noticed an ogre
  4050 | D:3      | Reached skill level 1 in Shields
  4245 | D:4      | Found a radiant altar of Vehumet.
  4252 | D:4      | Got a smoking robe
  4256 | D:4      | Became a worshipper of Vehumet
  4257 | D:4      | Identified the +1 robe of Sloth {rF- Int+6} (You took it off a kobold on level 4 of the Dungeon)
  4619 | D:5      | Entered Level 5 of the Dungeon
  4619 | D:5      | Noticed Grinder
  4951 | D:4      | Reached XP level 6. HP: 41/41 MP: 7/10
  5069 | D:4      | Found a radiant altar of Vehumet.
  5070 | D:4      | Found a basalt altar of Yredelemnul.
  5070 | D:4      | Found an iron altar of Okawaru.
  5071 | D:4      | Found a white marble altar of Elyvilon.
  5073 | D:4      | Found a burning altar of Makhleb.
  5074 | D:4      | Found a glowing silver altar of Zin.
  5076 | D:4      | Found a blossoming altar of Fedhas.
  5216 | D:4      | Learned a level 3 spell: Conjure Flame
  5230 | D:4      | Killed an ogre
  5417 | D:6      | Reached skill level 5 in Fire Magic
  5417 | D:6      | Reached XP level 7. HP: 46/46 MP: 6/11
  5597 | D:5      | Learned a level 5 spell: Fireball
  5628 | D:5      | Found Odicit's General Store.
  5884 | D:5      | Bought a scroll of immolation for 52 gold pieces
  5884 | D:5      | Bought a scroll of identify for 30 gold pieces
  5884 | D:5      | Bought a scroll of teleportation for 45 gold pieces
  5915 | D:5      | Paralysed by Grinder for 3 turns
  5951 | D:5      | Killed Grinder
  5951 | D:5      | Reached XP level 8. HP: 48/52 MP: 0/13
  6106 | D:5      | Reached * piety under Vehumet
  6106 | D:5      | Offered knowledge of Sandblast by Vehumet.
  6518 | D:5      | Reached skill level 5 in Conjurations
  6899 | D:6      | Noticed Sigmund
  7283 | D:6      | Noticed Edmund
  7624 | D:6      | Killed Sigmund
  7813 | D:6      | Noticed Pikel
  8158 | D:6      | Found a staircase to the Ecumenical Temple.
  8162 | Temple   | Entered the Ecumenical Temple
  8586 | D:6      | Killed Edmund
  8586 | D:6      | Reached XP level 9. HP: 57/57 MP: 4/16
  8864 | D:6      | Reached skill level 5 in Spellcasting
  8988 | D:6      | Killed Pikel
  9287 | D:7      | Reached ** piety under Vehumet
  9557 | D:7      | Offered knowledge of Shock by Vehumet.
  9560 | D:7      | Learned a level 1 spell: Shock
  9595 | D:7      | You fall through a shaft for 3 floors!
  9595 | D:10     | Entered Level 10 of the Dungeon
  9595 | D:10     | Noticed Fannar
  9703 | D:8      | Found a flagged portal.
  9745 | Bailey   | Entered a bailey
 10053 | Bailey   | Noticed an orc knight
 10055 | Bailey   | Noticed an orc knight
 10057 | Bailey   | Noticed an orc knight
 10769 | D:8      | Reached XP level 10. HP: 58/63 MP: 12/19
 10824 | D:8      | Found a stormy altar of Qazlal.
 11097 | D:8      | Reached skill level 1 in Fighting
 11266 | D:8      | Offered knowledge of Dazzling Spray by Vehumet.
 11553 | D:8      | Reached skill level 1 in Air Magic
 12438 | D:9      | Learned a level 3 spell: Inner Flame
 12449 | D:9      | Noticed a two-headed ogre
 12462 | D:9      | Killed a two-headed ogre
 12547 | D:9      | Reached *** piety under Vehumet
 12588 | D:9      | Noticed a two-headed ogre
 12597 | D:9      | Killed a two-headed ogre
 12745 | D:9      | Reached XP level 11. HP: 75/75 MP: 16/21
 12901 | D:9      | Noticed a two-headed ogre
 12915 | D:9      | Killed a two-headed ogre
 13367 | D:9      | Found a hide-covered altar of Uskayaw.
 13367 | D:9      | Found a glowing golden altar of the Shining One.
 13479 | D:9      | Found a transporter.
 13567 | D:9      | Noticed Singularity42's ghost (journeyman GrFi)
 13569 | D:9      | Noticed a deep elf mage
 13606 | D:9      | Found a transporter.
 13880 | D:10     | Found a staircase to the Orcish Mines.
 14016 | D:10     | Learned a level 1 spell: Animate Skeleton
 14091 | D:10     | Offered knowledge of Fulminant Prism by Vehumet.
 14097 | D:10     | Reached skill level 5 in Dodging
 14320 | D:10     | Reached skill level 1 in Hexes
 14320 | D:10     | Reached skill level 1 in Necromancy
 15327 | D:10     | Noticed Harold
 15362 | D:10     | Found a staircase to the Lair.
 15688 | D:11     | Reached **** piety under Vehumet
 16183 | D:11     | Offered knowledge of Ignite Poison by Vehumet.
 16189 | D:11     | Learned a level 3 spell: Ignite Poison
 16191 | D:11     | Noticed a cyclops
 16499 | D:11     | Killed a cyclops
 16499 | D:11     | Reached skill level 5 in Fighting
 16566 | D:11     | Reached XP level 12. HP: 86/86 MP: 21/24
 16855 | D:11     | Noticed a two-headed ogre
 16931 | D:11     | Killed a two-headed ogre
 18595 | D:10     | Killed from afar by Harold

Vault maps used:
D:1:      saegor_arrival_simple_a
D:3:      first_ration
D:4:      minitemple, vehumet_altar_wand_db
D:5:      serial_shops, shop_fountains, kennysheep_generic_room_13, uniq_grinder
D:6:      minmay_temple_entry_glassed_door, uniq_sigmund, uniq_edmund,
          uniq_pikel
D:7:      nrook_loot_triangle
D:8:      grunt_qazlal_sundering, enter_bailey_3, serial_ice, serial_ice_k,
          serial_ice_f, serial_ice_g, serial_ice_e, serial_ice_b, serial_ice_a
D:9:      gammafunk_temple_overflow_wave, gammafunk_ghost_arena
D:10:     lair_entry_dummy, minmay_orc_entry_guard_dogs, uniq_fannar,
          uniq_harold
D:11:     serial_ice, serial_ice_m, serial_ice_d, serial_ice_c, serial_ice_i,
          serial_ice_g, serial_ice_h, serial_ice_n, serial_ice_b, serial_ice_o,
          uniq_nergalle
Temple:   hc_temple_tempest_star
Bailey:   bailey_polearm_1, bailey

Skill      XL: |  1  2  3  4  5  6  7  8  9 10 11 12 |
---------------+-------------------------------------+-----
Conjurations   | 2 3 4 5 7 8 9 |  9.4
Fire Magic     | 4 5 6 8 9 |  9.0
Shields        | 1 3 4 |  4.0
Spellcasting   | 3 4 6 7 8 |  8.6
Fighting       | 3 5 6 |  6.0
Dodging        | 4 5 6 |  6.4
Air Magic      | 2 4 |  4.5
Hexes          | 2 |  2.2
Necromancy     | 2 |  2.3
Stealth        | |  2.0

Action                   |  1- 3 |  4- 6 |  7- 9 | 10-12 || total
-------------------------+-------+-------+-------+-------++-------
Melee: Dagger            |     2 |    10 |       |       ||    12
       Trident           |       |     4 |    41 |   143 ||   188
Throw: Stone             |    61 |    97 |    15 |     1 ||   174
 Cast: Flame Tongue      |    63 |   111 |   104 |    40 ||   318
       Throw Flame       |       |     9 |   112 |   218 ||   339
       Conjure Flame     |       |     1 |     6 |    47 ||    54
       Shock             |       |       |    26 |    81 ||   107
       Fireball          |       |       |     1 |    13 ||    14
       Inner Flame       |       |       |       |     4 ||     4
       Animate Skeleton  |       |       |       |     6 ||     6
       Ignite Poison     |       |       |       |     8 ||     8
Evoke: Wand              |       |       |       |     3 ||     3
  Use: Scroll            |       |    13 |     8 |     4 ||    25
       Potion            |       |     2 |     2 |     2 ||     6
 Stab: Sleeping          |       |       |     2 |       ||     2
  Eat: Chunk             |     5 |    11 |     7 |    12 ||    35
       Ration            |       |       |     3 |     4 ||     7
Armor: Robe              |     1 |     6 |     4 |    22 ||    33
       Skin              |       |       |       |     6 ||     6
Dodge: Dodged            |     5 |    29 |    41 |   109 ||   184
Block: Buckler           |       |       |    14 |    44 ||    58

Table legend:
 A = Spawn XP
 B = Non-spawn XP
 C = Spawn XP percentage of total XP
 D = Spawn monster count
 E = Non-spawn monster count
 F = Spawn count percentage of total count
 G = Total turns spent on level
                    A         B        C        D         E        F      G
               +---------+---------+-------+---------+---------+-------+---------
         Total |       0 |   19270 |   0.0 |       0 |     296 |   0.0 | 18595
               +---------+---------+-------+---------+---------+-------+---------
           D:1 |       0 |      45 |   0.0 |       0 |      25 |   0.0 |  1174
           D:2 |       0 |      20 |   0.0 |       0 |      12 |   0.0 |  1184
           D:3 |       0 |      76 |   0.0 |       0 |      15 |   0.0 |  1204
           D:4 |       0 |     328 |   0.0 |       0 |      33 |   0.0 |  1747
           D:5 |       0 |     646 |   0.0 |       0 |      12 |   0.0 |  1352
           D:6 |       0 |    1689 |   0.0 |       0 |      31 |   0.0 |  2016
           D:7 |       0 |     287 |   0.0 |       0 |       9 |   0.0 |   588
           D:8 |       0 |    2048 |   0.0 |       0 |      31 |   0.0 |  1741
           D:9 |       0 |    4269 |   0.0 |       0 |      22 |   0.0 |  1549
          D:10 |       0 |    3163 |   0.0 |       0 |      29 |   0.0 |  2062
          D:11 |       0 |    6381 |   0.0 |       0 |      62 |   0.0 |  2752
        Bailey |       0 |     318 |   0.0 |       0 |      15 |   0.0 |   896
               +---------+---------+-------+---------+---------+-------+---------
